 Dungeon Crawl Stone Soup version 0.31-a0-955-gcb8bc90ed4 (webtiles) character file.

Game seed: 2519640299631503803

266 Morbidden the Gusty (level 6, -3/43 HPs)
             Began as a Demonspawn Air Elementalist on Oct 22, 2023.
             Slain by a river rat (7 damage)
             ... summoned by Eustachio
             ... on level 4 of the Dungeon.
             The game lasted 00:03:23 (2935 turns).

Morbidden the Gusty (Demonspawn Air Elementalist)   Turns: 2935, Time: 00:03:24

Health: -3/43      AC:  7    Str:  8    XL:     6   Next: 0%
Magic:  7/10       EV: 11    Int: 19    God:
Gold:   223        SH:  0    Dex: 13    Spells: 8/11 levels left

rFire   . . .        (no weapon)
rCold   . . .        (no shield)
rNeg    . . .        w - +0 leather armour
rPois   .            t - +1 hat
rElec   .            g - +1 cloak
rCorr   .            i - +0 pair of gloves
SInv    .            (no boots)
Will    .....        n - amulet of magic regeneration
Stlth   ++           (no ring)
HPRegen 0.27/turn    (no ring)
MPRegen 0.52/turn

%: no passive effects
@: no status effects
A: foul stench 2, spiny 1
a: no special abilities


You were on level 4 of the Dungeon.
You visited 1 branch of the dungeon, and saw 4 of its levels.

You collected 223 gold pieces.

Inventory:

Missiles
 c - a throwing net
 h - 8 boomerangs
Armour
 g - a +1 cloak (worn)
 i - a +0 pair of gloves (worn)
 k - a +0 buckler
 t - a +1 hat (worn)
 w - a +0 leather armour (worn)
Jewellery
 n - an amulet of magic regeneration (around neck)
Talismans
 e - a flux talisman
Scrolls
 f - 2 scrolls of brand weapon {unknown}
 j - a scroll of identify {unknown}
 m - 3 scrolls of enchant weapon {unknown}
 p - 3 scrolls of blinking {unknown}
 q - a scroll of acquirement {unknown}
 r - a scroll of fear {unknown}
 v - a scroll of enchant armour {unknown}
Potions
 a - a potion of ambrosia {unknown}
 d - a potion of might {unknown}
 l - 2 potions of curing {unknown}
 o - a potion of mutation {unknown}
 s - a potion of heal wounds {unknown}
 u - a potion of attraction {unknown}


   Skills:
 * Level 1.2 Fighting
 * Level 2.2 Dodging
 + Level 2.1 Stealth
 * Level 0.8 Shields
 * Level 3.3 Spellcasting
 * Level 2.4 Conjurations
 * Level 4.0 Air Magic
 * Level 1.0 Shapeshifting


You had 8 spell levels left.
You knew the following spells:

 Your Spells              Type           Power      Damage    Failure   Level
a - Shock                 Conj/Air       60%        1d6       6%          1
b - Static Discharge      Conj/Air       30%        3-5/arc   9%          2

Your spell library contained the following spells:

 Spells                   Type           Power      Damage    Failure   Level
 Swiftness                Air            18%        N/A       12%         3
 Cigotuvi's Dreadful Rot  Necr/Pois/Air  16%        N/A       19%         2
 Airstrike                Air            9%         2d(2-18)  38%         4
 Ignite Poison            Fire/Tmut/Pois 3%         N/A       54%         3
 Volatile Blastmotes      Fire/Tloc      6%         2d10      54%         3
 Fulminant Prism          Conj/Hex       3%         3d5       78%         4
 Iskenderun's Mystic Bla  Conj/Tloc      7%         2d4       78%         4
 Freezing Cloud           Conj/Ice/Air   5%         6-21      94%         5


Dungeon Overview and Level Annotations

Branches:
Dungeon (4/15)             Temple (0/1) D:4

Altars:

Annotations:
D:4 Eustachio, Grinder


Innate Abilities, Weirdness & Mutations

You sometimes emit foul miasma when damaged in melee.
You are partially covered in sharp spines.


Message History

You kill the rat!
The rat's corpse disappears in a puff of smoke!
You are struck by an arc of lightning.
The river rat is struck by an arc of lightning.
The river rat is severely wounded.
The lightning grounds out.
The iron imp misses you. The river rat bites you.
The shadow imp closely misses you. The white imp hits you.
The white imp freezes you.
The shadow imp hits you but does no damage.
The white imp gestures at you. The puff of frost hits you.
The river rat barely misses you.
Unknown command.
Unknown command.
Unknown command.
Casting: Static Discharge (safe; 9% risk of failure)
Confirm with . or Enter, or press ? or * to list all spells.
Aiming: Shock (safe; 6% risk of failure)
Press: ? - help, Shift-Dir - straight line, p - Eustachio The zap hits Eustachio.
Eustachio is almost dead.
The zap hits Eustachio.
Eustachio is almost dead.
The iron imp is struck by your spines. The iron imp barely misses you.
The white imp closely misses you. The shadow imp hits you.
You emit a cloud of foul miasma!
The river rat bites you.
Unknown command.
Casting: Shock (safe; 6% risk of failure)
Confirm with . or Enter, or press ? or * to list all spells.
Aiming: Shock (safe; 6% risk of failure)
Press: ? - help, Shift-Dir - straight line The zap hits Eustachio.
Eustachio is almost dead.
The iron imp hits you.
Eustachio gestures wildly while chanting.
The white imp hits you but does no damage.
The shadow imp gestures at you. Pain shoots through your body!
* * * LOW HITPOINT WARNING * * *
The river rat is struck by your spines. The river rat bites you!
You die...

#....##...#..........
##'####...#..........
'....##'###.....>....
#....#............(..
#...#####............
#...#..!#...r........
##..#.>.#..##r######.
....#...#..#..@..5.####'
....#.#.#..#..b.@5......
....# . #..#...r.5......
....# >.#..##########...
....# .# . #
....#####...
............
............
............
....†.......


You could see Eustachio, an iron imp (summoned), a river rat (summoned), a white
imp (summoned), a shadow imp (summoned), a quokka (summoned), a bat (summoned,
wandering) and a rat (summoned).

Vanquished Creatures
  A howler monkey (D:4)
  Jessica (D:3)
  Natasha (thrice) (D:3)
  An orc wizard (D:3)
  5 adders
  A dart slug (D:3)
  6 orcs
  4 bats
  2 endoplasms
  4 giant cockroaches
  5 goblins
  3 hobgoblins
  3 jackals (D:2)
  3 kobolds
  6 ball pythons
  8 rats
56 creatures vanquished.

Notes
Turn   | Place    | Note
-------+----------+-------------------------------------------
     0 | D:1      | Morbidden the Demonspawn Air Elementalist began the quest
                  | for the Orb.
     0 | D:1      | Reached XP level 1. HP: 13/13 MP: 3/3
    31 | D:1      | Noticed a water moccasin
    31 | D:1      | Noticed a swamp worm
    31 | D:1      | Noticed a killer bee
    32 | D:1      | Noticed a swamp drake
   450 | D:1      | Gained mutation: You are partially covered in sharp spines.
                  | [demonic ancestry]
   450 | D:1      | Reached XP level 2. HP: 19/19 MP: 3/5
   639 | D:1      | Reached skill level 3 in Air Magic
  1120 | D:2      | Learned a level 2 spell: Static Discharge
  1324 | D:2      | Reached XP level 3. HP: 24/24 MP: 1/6
  1565 | D:2      | Found a faded altar of an unknown god.
  2155 | D:3      | Reached XP level 4. HP: 31/31 MP: 2/8
  2198 | D:3      | Noticed Jessica
  2203 | D:3      | Killed Jessica
  2332 | D:3      | Noticed Natasha
  2337 | D:3      | Killed Natasha
  2338 | D:3      | Reached skill level 1 in Fighting
  2338 | D:3      | Gained mutation: You may rarely emit foul miasma when
                  | damaged in melee. [demonic ancestry]
  2338 | D:3      | Reached XP level 5. HP: 34/37 MP: 5/9
  2564 | D:3      | Noticed Natasha
  2568 | D:3      | Killed Natasha
  2579 | D:3      | Noticed Natasha
  2587 | D:3      | Killed Natasha
  2588 | D:3      | Reached skill level 1 in Shapeshifting
  2737 | D:4      | Found a staircase to the Ecumenical Temple.
  2752 | D:4      | Reached skill level 4 in Air Magic
  2833 | D:4      | Noticed Grinder
  2849 | D:3      | Gained mutation: You sometimes emit foul miasma when
                  | damaged in melee. [demonic ancestry]
  2849 | D:3      | Reached XP level 6. HP: 34/43 MP: 7/10
  2912 | D:4      | Noticed Eustachio
  2935 | D:4      | Slain by a river rat

Illustrated notes

Levels and vault maps discovered:
D:1:      onia_arrival_zoo_common, layout_rooms, lemuel_flame_loot_1
D:2:      layout_basic, hellmonk_ecumenical_altar_crossroads,
          minmay_misc_feat_rows
D:3:      layout_basic, hangedman_decor_points, uniq_natasha, uniq_jessica
D:4:      layout_gridville, mainiacjoe_overflow_alcove_1,
          mainiacjoe_overflow_brackets, nicolae_qazlal_scattered_showers,
          mainiacjoe_overflow_catwalk, minmay_temple_entry_from_below_a,
          uniq_eustachio, uniq_grinder

Skill      XL: |  1  2  3  4  5 |
---------------+----------------+-----
Air Magic      | 3 4 |  4.0
Stealth        | 2 |  2.1
Dodging        | 2 |  2.2
Spellcasting   | 3 |  3.3
Conjurations   | 2 |  2.4
Fighting       | 1 |  1.2
Shapeshifting  | 1 |  1.0
Shields        | |  0.8

Action                     |  1- 3 |  4- 6 || total
---------------------------+-------+-------++-------
  Melee: Unarmed           |    11 |       ||    11
   Cast: Shock             |    76 |    86 ||   162
         Static Discharge  |       |     2 ||     2
    Use: Potion            |       |     1 ||     1
 Armour: Robe              |    14 |     9 ||    23
         Leather armour    |       |    27 ||    27
  Dodge: Dodged            |    21 |    24 ||    45

Table legend: (Time is in decaauts)
 A = Elapsed time spent in this place.
 B = Non-inter-level travel time spent in this place.
 C = Inter-level travel time spent in this place.
 D = Time resting spent in this place.
 E = Time spent auto-exploring this place.
 F = Levels seen in this place.
 G = Mean time per level.
                   A        B        C        D        E       F      G
               +--------+--------+--------+--------+--------+-----+--------+
         Total |   2935 |   2686 |    249 |    154 |   2092 |   4 |  733.8 |
       Dungeon |   2935 |   2686 |    249 |    154 |   2092 |   4 |  733.8 |
               +--------+--------+--------+--------+--------+-----+--------+

Top non-repeatable levels by time:
     D:1: 1035 daAuts
     D:2: 958 daAuts
     D:3: 795 daAuts
     D:4: 145 daAuts
